 Dungeon Crawl Stone Soup version 0.31-a0-229-g1fc7ce93e2 (webtiles) character file.

Game seed: 6137492644448819025

1399 GormonGrimm the Twirler (level 8, -6/61 HPs)
             Began as a Demonspawn Gladiator on July 6, 2023.
             Was a Follower of Trog (penitent).
             Mangled by a troll (8 damage)
             ... on level 6 of the Dungeon.
             The game lasted 01:04:04 (4786 turns).

GormonGrimm the Twirler (Demonspawn Gladiator)      Turns: 4786, Time: 01:04:05

Health: -6/61      AC: 17    Str: 17    XL:     8   Next: 41%
Magic:  0/8        EV:  6    Int: 10    God:    Trog [*.....]
Gold:   190        SH:  0    Dex: 14    Spells: 3/7 levels left

rFire   . . .        a - +0 quarterstaff
rCold   . . .        (shield currently unavailable)
rNeg    + . .        y - +0 plate armour
rPois   .            c - +0 helmet
rElec   .            (no cloak)
rCorr   .            (no gloves)
SInv    .            (no boots)
Will    .....        (no amulet) Stlth
                     w - +4 ring of protection
HPRegen 0.30/turn    E - ring of positive energy
MPRegen 0.22/turn

%: guardian spirit
@: no status effects
A: claws 1, powered by death 1, magic shield, magic regeneration
a: Renounce Religion


You were on level 6 of the Dungeon.
You worshipped Trog.
Trog was demanding penance.
You visited 2 branches of the dungeon, and saw 7 of its levels.
You also visited: Sewer.

You collected 190 gold pieces.

Inventory:

Hand Weapons
 a - a +0 quarterstaff (weapon)
 b - a +0 spear
 r - a +3 dagger
 t - a +1 dagger of flaming
 K - a +0 broad axe
 N - a +0 scythe
Missiles
 d - 3 throwing nets (quivered)
 e - a javelin
 q - 13 poisoned darts
Armour
 c - a +0 helmet (worn)
 p - a +0 helmet
 y - a +0 plate armour (worn)
 G - an orb of energy
 I - a +0 helmet
 P - a +0 cloak
 S - a +0 troll leather armour {Pargi}
Jewellery
 w - a +4 ring of protection (left claw)
 E - a ring of positive energy (right claw)
Wands
 h - a wand of roots (13)
 H - a wand of flame (17)
 O - a wand of mindburst (12)
Scrolls
 f - 4 scrolls of enchant armour {unknown}
 i - a scroll of vulnerability {unknown}
 m - a scroll of revelation {unknown}
 n - 10 scrolls of identify {unknown}
 s - 3 scrolls of immolation {unknown}
 u - 2 scrolls of amnesia {unknown}
 v - 7 scrolls of fog {unknown}
 x - 2 scrolls of noise {unknown}
 A - 2 scrolls of poison {unknown}
 B - 2 scrolls of teleportation {unknown}
 F - a scroll of acquirement {unknown}
 R - a scroll of butterflies {unknown}
Potions
 g - 4 potions of curing
 k - 4 potions of mutation {unknown}
 l - a potion of heal wounds {unknown}
 o - a potion of brilliance {unknown}
 z - a potion of cancellation {unknown}
 C - 2 potions of berserk rage {unknown}
 D - 2 potions of ambrosia {unknown}
 J - 2 potions of haste {unknown}
 L - 2 potions of degeneration {unknown}
 M - a potion of lignification {unknown}
 Q - 2 potions of magic {unknown}


   Skills:
 + Level 4.5 Fighting
 + Level 0.6 Short Blades
 + Level 6.9 Staves
 + Level 2.1 Throwing
 + Level 4.5 Armour
 + Level 3.5 Dodging
 + Level 0.1 Stealth
 + Level 1.6 Unarmed Combat


You had 3 spell levels left.
You knew the following spells:

 Your Spells              Type           Power      Damage    Failure   Level
a - Tukima's Dance        Hex            0%         N/A       100%        3
b - Summon Small Mammal   Summ           0%         N/A       100%        1

Your spell library contained the following spells:

 Spells                   Type           Power      Damage    Failure   Level
 Blink                    Tloc           0%         N/A       100%        2
 Lesser Beckoning         Tloc           0%         N/A       100%        2
 Momentum Strike          Conj/Tloc      0%         3d8       100%        2
 Call Canine Familiar     Summ           0%         N/A       100%        3
 Portal Projectile        Hex/Tloc       0%         N/A       100%        3
 Summon Guardian Golem    Hex/Summ       0%         N/A       100%        3
 Vhi's Electric Charge    Tloc/Air       0%         N/A       100%        3
 Arcjolt                  Conj/Air       0%         1d10      100%        5
 Blade Hands              Tmut           0%         N/A       100%        5
 Plasma Beam              Fire/Air       0%         2x1d10    100%        6
 Maxwell's Capacitive Co  Air            0%         ∞         100%        8


Dungeon Overview and Level Annotations

Branches:
Dungeon (6/15)             Temple (1/1) D:4           Sewer (visited)

Altars:
Ashenzari
Cheibriados
Dithmenos
Fedhas
Gozag
Hepliaklqana
Kikubaaqudgha
Makhleb
Nemelex Xobeh
Qazlal
Trog
Vehumet
Yredelemnul

Shops:
D:5 *

Annotations:
D:4 3 runed translucent doors, IYTBazzie's ghost, weakling AtIE


Innate Abilities, Weirdness & Mutations

You have sharp fingernails.
You regenerate a little health from kills.
When hurt, damage is shared between your health and your magic reserves.
You regenerate magic rapidly.


Message History

You closely miss the troll.
The troll is moderately wounded.
The troll bites you. The troll claws you but does no damage.
The troll claws you.
You hit the troll.
The troll is moderately wounded.
The troll bites you. The troll completely misses you.
The troll claws you but does no damage.
You sock the troll!
The troll is heavily wounded.
The troll bites you! The troll claws you.
The troll claws you but does no damage.
You closely miss the troll.
The troll is heavily wounded.
The troll barely misses you. The troll claws you but does no damage.
The troll claws you.
You barely miss the troll.
The troll is heavily wounded.
The troll bites you but does no damage. The troll barely misses you.
The troll claws you.
You hit the troll.
The troll is heavily wounded.
The troll bites you but does no damage. The troll claws you but does no damage.
The troll claws you.
You sock the troll!
The troll is severely wounded.
The troll bites you but does no damage. The troll claws you!
The troll claws you but does no damage.
You barely miss the troll.
The troll is severely wounded.
The troll bites you but does no damage. The troll claws you!
* * * LOW HITPOINT WARNING * * *
The troll claws you!
* * * LOW HITPOINT WARNING * * *
You hit the troll.
The troll is severely wounded.
The troll bites you!
* * * LOW HITPOINT WARNING * * *
The troll claws you!
You die...

#.. .# #.. .# ## ##..
.... ... .#.# #..
.#.# #..## ##...#
#..T# #...^###.
#..@#+ +#........
##...######....#####
#.....##......##
.####..............#
.........##...#.###.#
############.#.##
#.## #..## ##..# #..#
#.#.# ##.## #...


You could see a troll.

Vanquished Creatures
  Sigmund (D:5)
  Menkaure (D:4)
  Pargi (Sewer)
  A black bear (D:6)
  A phantom (D:5)
  A bullfrog (D:6)
  2 scorpions (D:5)
  A killer bee (D:5)
  A howler monkey (D:6)
  A hound (D:5)
  2 orc priests
  4 iguanas
  Terence (D:3)
  Natasha (twice) (D:2)
  5 orc wizards
  9 adders
  An ufetubus (D:5)
  3 worms
  A dart slug (D:4)
  15 orcs
  10 bats
  2 endoplasms
  2 giant cockroaches
  8 goblins
  2 hobgoblins (D:3)
  6 jackals (D:1)
  8 kobolds
  5 quokkas
  7 ball pythons
  7 frilled lizards
  10 rats
121 creatures vanquished.

Notes
Turn   | Place    | Note
-------+----------+-------------------------------------------
     0 | D:1      | GormonGrimm the Demonspawn Gladiator began the quest for
                  | the Orb.
     0 | D:1      | Reached XP level 1. HP: 16/16 MP: 1/1
   117 | D:1      | Found a faded altar of an unknown god.
   259 | D:1      | Gained mutation: You regenerate magic rapidly. [demonic
                  | ancestry]
   259 | D:1      | Reached XP level 2. HP: 22/22 MP: 2/2
   456 | D:1      | Reached skill level 3 in Staves
   807 | D:2      | Reached XP level 3. HP: 25/27 MP: 3/3
  1019 | D:2      | Noticed Natasha
  1029 | D:2      | Killed Natasha
  1030 | D:2      | Gained mutation: You regenerate a little health from kills.
                  | [demonic ancestry]
  1030 | D:2      | Reached XP level 4. HP: 19/34 MP: 4/4
  1369 | D:2      | Noticed Natasha
  1386 | D:2      | Killed Natasha
  1598 | D:3      | Reached skill level 1 in Armour
  1841 | D:3      | Gained mutation: When hurt, damage is shared between your
                  | health and your magic reserves. [demonic ancestry]
  1841 | D:3      | Reached XP level 5. HP: 40/40 MP: 5/5
  1987 | D:3      | Learned a level 3 spell: Tukima's Dance
  2123 | D:3      | Noticed Terence
  2136 | D:3      | Killed Terence
  2137 | D:3      | Reached skill level 4 in Staves
  2472 | D:4      | Noticed Menkaure
  2483 | D:4      | Killed Menkaure
  2484 | D:4      | Gained mutation: You have sharp fingernails. [demonic
                  | ancestry]
  2484 | D:4      | Reached XP level 6. HP: 13/47 MP: 2/6
  2662 | D:4      | Found a runed translucent gate.
  2675 | D:4      | Found a runed translucent gate.
  2676 | D:4      | Found a runed translucent gate.
  2679 | D:4      | Noticed IYTBazzie's ghost (weakling AtIE)
  2882 | D:4      | Found a staircase to the Ecumenical Temple.
  2946 | Temple   | Entered the Ecumenical Temple
  3096 | Temple   | Became a worshipper of Trog the Wrathful
  3167 | D:5      | Entered Level 5 of the Dungeon
  3228 | D:5      | Reached skill level 5 in Staves
  3261 | D:5      | Reached XP level 7. HP: 23/52 MP: 5/7
  3409 | D:5      | Noticed Sigmund
  3432 | D:5      | Killed Sigmund
  3486 | D:5      | Reached skill level 6 in Staves
  3894 | D:5      | Found Saenuj Mume's General Store.
  3922 | D:5      | Reached XP level 8. HP: 52/60 MP: 6/8
  4212 | D:6      | Reached * piety under Trog
  4215 | D:6      | Reached skill level 1 in Unarmed Combat
  4302 | D:6      | Found a glowing drain.
  4312 | Sewer    | Entered a sewer
  4421 | Sewer    | Noticed Pargi
  4440 | Sewer    | Killed Pargi
  4679 | D:6      | Was placed under penance by Trog
  4681 | D:6      | Learned a level 1 spell: Summon Small Mammal
  4773 | D:6      | Noticed a troll
  4786 | D:6      | HP: 2/61 [troll (6)]
  4786 | D:6      | Mangled by a troll

Illustrated notes

Levels and vault maps discovered:
D:1:      evilmike_arrival_rings, layout_basic, ebering_ecumenical_altar_rust,
          serial_forest, infiniplex_forest_join, infiniplex_forest_clump_double,
          infiniplex_forest_lined_3_way, infiniplex_forest_end_1,
          infiniplex_forest_zigzag_1, infiniplex_forest_lined_corner,
          infiniplex_forest_clump_medium, infiniplex_forest_straight_3,
          infiniplex_forest_clump_small, infiniplex_forest_end_3
D:2:      kennysheep_the_goblin_king, layout_loops_ring, uniq_natasha
D:3:      layout_basic, guppyfry_early_orc_mine, uniq_terence
D:4:      layout_basic, minmay_temple_entry_drinking_statues,
          ebering_ghost_rock_garden, minmay_a_box_with_orc_wizards_in_it,
          uniq_menkaure
D:5:      cheibrodos_helix_gallery, layout_loops_corners, serial_shops, shop,
          uniq_sigmund
D:6:      layout_loops_ring, good_gods_mini_temple, cheibrodos_sewer_entry_bend,
          minivault_22
Temple:   cyrus_circular_temple

Skill      XL: |  1  2  3  4  5  6  7  8 |
---------------+-------------------------+-----
Throwing       | 2 |  2.1
Dodging        | 3 |  3.5
Staves         | 3 4 5 6 |  6.9
Armour         | 1 2 4 |  4.5
Fighting       | 3 4 |  4.5
Unarmed Combat | 1 |  1.6
Short Blades   | |  0.6
Stealth        | |  0.1

Action                     |  1- 3 |  4- 6 |  7- 9 || total
---------------------------+-------+-------+-------++-------
  Melee: Quarterstaff      |    91 |   193 |   175 ||   459
         Dagger            |    42 |    32 |       ||    74
         Punch             |     2 |       |     3 ||     5
         Unarmed           |       |       |    87 ||    87
    Use: Potion            |       |     2 |     1 ||     3
 Armour: Leather armour    |    10 |       |       ||    10
         Scale mail        |    47 |     8 |       ||    55
         Plate armour      |       |   180 |   200 ||   380
  Dodge: Dodged            |    90 |    72 |    85 ||   247

Table legend: (Time is in decaauts)
 A = Elapsed time spent in this place.
 B = Non-inter-level travel time spent in this place.
 C = Inter-level travel time spent in this place.
 D = Time resting spent in this place.
 E = Time spent auto-exploring this place.
 F = Levels seen in this place.
 G = Mean time per level.
                   A        B        C        D        E       F      G
               +--------+--------+--------+--------+--------+-----+--------+
         Total |   4848 |   4805 |     43 |    724 |      1 |   8 |  606.0 |
       Dungeon |   4483 |   4440 |     43 |    701 |      1 |   6 |  747.2 |
        Temple |    155 |    155 |      0 |      0 |      0 |   1 |  155.0 |
         Sewer |    209 |    209 |      0 |     23 |      0 |   1 |  209.0 |
               +--------+--------+--------+--------+--------+-----+--------+

Top non-repeatable levels by time:
     D:5: 947 daAuts
     D:2: 802 daAuts
     D:1: 800 daAuts
     D:4: 761 daAuts
     D:3: 680 daAuts
     D:6: 491 daAuts
   Sewer: 209 daAuts
  Temple: 155 daAuts
